 Dungeon Crawl Stone Soup version 0.30-a0-1161-g0704695555 (webtiles) character file.

Game seed: 11122435829041113319

2144 cheesebisquit the Chiller (level 9, -4/75 HPs)
             Began as a White Draconian Fire Elementalist on Apr 28, 2023.
             Was an Initiate of Vehumet.
             Slain by a gnoll sergeant
             ... wielding a +5 heavy spear
              (12 damage)
             ... on level 8 of the Dungeon.
             The game lasted 00:25:24 (8485 turns).

cheesebisquit the Chiller (DrFE)                    Turns: 8485, Time: 00:25:25

Health: -4/75      AC: 10    Str: 11    XL:     9   Next: 9%
Magic:  6/16       EV: 14    Int: 20    God:    Vehumet [......]
Gold:   400        SH:  0    Dex: 17    Spells: 3/18 levels left

rFire   + . .        A - +2 hand axe (venom)
rCold   + + .        (no shield)
rNeg    . . .        (body armour unavailable)
rPois   +            (helmet restricted)
rElec   +            o - +0 cloak
rCorr   +            G - +0 pair of gloves
SInv    .            w - +0 pair of boots
Will    .....        (no amulet)
Stlth   +++          j - +6 ring of dexterity
HPRegen 0.32/turn    b - ring of wizardry
MPRegen 0.15/turn

%: wizardry (x1)
@: resistant, freezing walls
A: breathe frost, AC +7, unfitting armour, cold resistance 1, cold-blooded
a: Breathe Frost, Renounce Religion


You were on level 8 of the Dungeon.
You worshipped Vehumet.
Vehumet was noncommittal.
You visited 1 branch of the dungeon, and saw 8 of its levels.

You collected 400 gold pieces.

Inventory:

Hand Weapons
 A - a +2 hand axe of venom (weapon)
Missiles
 d - 20 poisoned darts
 s - 2 throwing nets
 z - 3 atropa-tipped darts
 C - 3 silver javelins
 F - a curare-tipped dart
Armour
 o - a +0 cloak (worn)
 w - a +0 pair of boots (worn)
 G - a +0 pair of gloves (worn)
Jewellery
 b - a ring of wizardry (right hand)
 j - a +6 ring of dexterity (left hand)
 B - a ring of see invisible
 D - a ring of resist corrosion
Wands
 a - a wand of quicksilver (5)
Scrolls
 c - 3 scrolls of enchant weapon {unknown}
 i - a scroll of torment {unknown}
 k - 6 scrolls of identify {unknown}
 l - 2 scrolls of fog {unknown}
 n - a scroll of magic mapping {unknown}
 p - 3 scrolls of teleportation {unknown}
 q - a scroll of vulnerability {unknown}
 t - a scroll of enchant armour {unknown}
 v - 3 scrolls of noise {unknown}
 y - a scroll of amnesia {unknown}
 E - a scroll of summoning {unknown}
Potions
 e - 2 potions of lignification {unknown}
 f - a potion of degeneration {unknown}
 g - 3 potions of brilliance {unknown}
 h - a potion of heal wounds {unknown}
 m - a potion of attraction {unknown}
 r - 2 potions of resistance
 u - 2 potions of invisibility {unknown}
 x - a potion of curing {unknown}
 H - 2 potions of mutation {unknown}


   Skills:
 + Level 5.7 Fighting
 + Level 5.0 Dodging
 + Level 5.5 Stealth
 + Level 5.2 Spellcasting
 - Level 1.0 Conjurations
 - Level 2.4 Fire Magic
 * Level 6.4 Ice Magic


You had 3 spell levels left.
You knew the following spells:

 Your Spells              Type           Power      Damage    Failure   Level
a - Foxfire               Conj/Fire      48%        2x1d6     2%          1
b - Summon Ice Beast      Ice/Summ       18%        N/A       12%         4
c - Hailstorm             Conj/Ice       20%        3d6       3%          3
d - Ice Form              Ice/Tmut       18%        N/A       12%         4
z - Frozen Ramparts       Ice            62%        1d10      1%          3

Your spell library contained the following spells:

 Spells                   Type           Power      Damage    Failure   Level
 Scorch                   Fire           28%        2d6       2%          2
 Static Discharge         Conj/Air       14%        2-3/arc   6%          2
 Inner Flame              Hex/Fire       10%        N/A       9%          3
 Volatile Blastmotes      Fire/Tloc      20%        2d11      9%          3
 Gell's Gravitas          Tloc           5%         N/A       14%         3
 Teleport Other           Tloc           5%         N/A       14%         3
 Flame Wave               Conj/Fire      12%        2d6       22%         4
 Airstrike                Air            2%         2d(1-17)  41%         4
 Passage of Golubria      Tloc           5%         N/A       41%         4
 Summon Lightning Spire   Summ/Air       5%         N/A       41%         4
 Silence                  Hex/Air        2%         N/A       75%         5
 Simulacrum               Ice/Necr       9%         N/A       86%         6
 Dispersal                Tloc           2%         N/A       99%         6
 Lehudib's Crystal Spear  Conj/Erth      3%         10d3      100%        8


Dungeon Overview and Level Annotations

Branches:
Dungeon (8/15)             Temple (0/1) D:7
   Lair: D:8-11

Altars:
Ashenzari
Cheibriados
Elyvilon
Gozag
Makhleb
Nemelex Xobeh
Okawaru
Qazlal
Sif Muna
Vehumet
Xom
Zin

Shops:
D:8 *


Innate Abilities, Weirdness & Mutations

You can breathe waves of freezing cold which knock back foes.
Your icy white scales are hard. (AC +7)
You cannot fit into any form of body armour.
Your flesh is cold resistant. (rC+)
You are cold-blooded and may be slowed by cold attacks.


Message History

A stone staircase leading up, spattered with blood.
The walls around you are covered in ice.
The wall freezes the gnoll but does no damage.
The gnoll hits you from afar with a +0 spear.
You are too injured to fight recklessly!
Casting: Foxfire (safe; 2% risk of failure)
Press: ? - help, Q - select action, (/) - cycle Dir - look around, f - activate You conjure some foxfire!
The wall freezes the gnoll sergeant but does no damage.
The gnoll sergeant misses you.
The wall freezes the gnoll but does no damage.
The gnoll hits you but does no damage.
The foxfire hits the gnoll sergeant but does no damage.
The gnoll sergeant is heavily wounded.
The foxfire hits the gnoll sergeant.
The gnoll sergeant is heavily wounded.
The wall freezes the gnoll sergeant.
The gnoll sergeant hits you from afar with a +5 heavy spear.
The wall freezes the gnoll but does no damage.
The gnoll closely misses you.
Casting: Foxfire (safe; 2% risk of failure)
Press: ? - help, Q - select action, (/) - cycle Dir - look around, f - activate You conjure some foxfire!
The wall freezes the gnoll.
The gnoll closely misses you.
The foxfire hits the gnoll sergeant but does no damage.
The gnoll sergeant is severely wounded.
The foxfire hits the gnoll sergeant but does no damage.
The gnoll sergeant is severely wounded.
The wall freezes the gnoll sergeant but does no damage.
The gnoll sergeant hits you from afar with a +5 heavy spear!
* * * LOW HITPOINT WARNING * * *
The wall freezes the gnoll but does no damage.
The gnoll hits you from afar with a +0 spear.
* * * LOW HITPOINT WARNING * * *
It was a potion of resistance.
You feel protected.
The wall freezes the gnoll but does no damage.
The gnoll hits you but does no damage.
The wall freezes the gnoll sergeant.
The gnoll sergeant hits you from afar with a +5 heavy spear!
You die...

##
##...#########.
#....g)@.?.....
#....g.########
#....#. #### #.
## # #..
#####...#
#........


You could see a gnoll sergeant and a gnoll.

Vanquished Creatures
  Prince Ribbit (D:7)
  2 sky beasts (D:7)
  2 ice beasts
  3 ogres
  A centaur (D:7)
  A kobold brigand (D:7)
  A bullfrog (D:7)
  A gnoll sergeant (D:7)
  2 scorpions
  2 vampire bats (D:3)
  An orc priest (D:4)
  4 hounds
  4 jellies
  2 iguanas
  2 orc wizards
  Robin (D:3)
  11 gnolls
  9 adders
  2 shadow imps (D:5)
  A white imp (D:6)
  2 ufetubi
  3 dart slugs
  9 orcs
  8 ball pythons
  13 bats
  7 endoplasms
  3 giant cockroaches
  15 goblins
  5 hobgoblins
  4 quokkas
  3 frilled lizards
  16 kobolds
  3 rats
144 creatures vanquished.

Vanquished Creatures (collateral kills)
  2 bullfrogs (D:8)
2 creatures vanquished.

Vanquished Creatures (others)
  614 foxfires
614 creatures vanquished.

Grand Total: 760 creatures vanquished

Notes
Turn   | Place    | Note
-------+----------+-------------------------------------------
     0 | D:1      | cheesebisquit the Draconian Fire Elementalist began the
                  | quest for the Orb.
     0 | D:1      | Reached XP level 1. HP: 14/14 MP: 3/3
   291 | D:1      | Reached XP level 2. HP: 22/22 MP: 0/5
   630 | D:1      | Reached skill level 1 in Fighting
  1114 | D:1      | Reached XP level 3. HP: 7/28 MP: 0/6
  1733 | D:2      | Reached XP level 4. HP: 36/36 MP: 3/7
  2135 | D:2      | Found Mellizxe's Jewellery Shop.
  2527 | D:3      | Noticed Robin
  2538 | D:3      | Killed Robin
  2699 | D:3      | Reached XP level 5. HP: 42/42 MP: 3/9
  3017 | D:3      | Reached XP level 6. HP: 48/51 MP: 3/11
  3227 | D:3      | You fall into a shaft and drop 2 floors!
  3227 | D:5      | Entered Level 5 of the Dungeon
  3321 | D:5      | Found an opulent altar of Gozag.
  3341 | D:5      | Found a broken altar of Ashenzari.
  3342 | D:5      | Found a white marble altar of Elyvilon.
  3343 | D:5      | Found an iron altar of Okawaru.
  3344 | D:5      | Found a radiant altar of Vehumet.
  3749 | D:4      | Found a sparkling altar of Nemelex Xobeh.
  3938 | D:4      | Your scales start taking on an icy white colour.
  3938 | D:4      | Reached XP level 7. HP: 58/58 MP: 0/12
  3938 | D:4      | Gained mutation: Your flesh is cold resistant. (rC+) [White
                  | Draconian growth]
  3942 | D:4      | Learned a level 3 spell: Frozen Ramparts
  3946 | D:4      | Learned a level 3 spell: Hailstorm
  3951 | D:4      | Learned a level 4 spell: Ice Form
  4168 | D:3      | Found a stormy altar of Qazlal.
  4710 | D:4      | Reached skill level 1 in Ice Magic
  5045 | D:4      | Found a glowing silver altar of Zin.
  5176 | D:4      | Reached skill level 2 in Ice Magic
  5407 | D:4      | Found a snail-covered altar of Cheibriados.
  5410 | D:4      | Found a burning altar of Makhleb.
  5546 | D:4      | Found a shimmering altar of Xom.
  5546 | D:4      | Found a shimmering blue altar of Sif Muna.
  5974 | D:5      | Reached skill level 3 in Ice Magic
  6367 | D:5      | Reached XP level 8. HP: 60/67 MP: 7/14
  7015 | D:6      | Reached skill level 4 in Ice Magic
  7207 | D:6      | Learned a level 4 spell: Summon Ice Beast
  7224 | D:5      | Became a worshipper of Vehumet
  7446 | D:7      | Reached skill level 5 in Fighting
  7446 | D:7      | Reached skill level 5 in Stealth
  7603 | D:7      | Reached skill level 5 in Ice Magic
  7814 | D:7      | Found a staircase to the Ecumenical Temple.
  7980 | D:7      | Noticed Prince Ribbit
  7987 | D:7      | Killed Prince Ribbit
  7988 | D:7      | Reached skill level 5 in Spellcasting
  7988 | D:7      | Reached skill level 6 in Ice Magic
  7991 | D:7      | Reached skill level 5 in Dodging
  7991 | D:7      | Reached XP level 9. HP: 50/74 MP: 10/16
  8339 | D:8      | Found Ciaramp's General Store.
  8485 | D:8      | Slain by a gnoll sergeant

Illustrated notes

Levels and vault maps discovered:
D:1:      onia_arrival_mini_spirals, layout_basic, nicolae_titane
D:2:      layout_rooms, serial_shops, nicolae_shop_back_alley_shop
D:3:      layout_basic, grunt_qazlal_clouds, dk_noncrumbling_4,
          minmay_misc_feat_nine_boxes, roderic_batcave, minmay_crystal_room,
          dk_noncrumbling_2, uniq_robin
D:4:      layout_cave_pods, nemelex_spade_bored_becter, minitemple, zin_academy,
          serial_column_ruins, column_ruins_corridor_straight,
          column_ruins_corridor_straight, column_ruins_grid_1,
          column_ruins_open_medium, column_ruins_grid_4, st_stairs_11
D:5:      layout_rooms, grunt_temple_overflow_open, serial_glass,
          glass_columns_a, glass_columns_c
D:6:      layout_basic
D:7:      layout_cave_pools, minmay_temple_entry_gardened_gates,
          minmay_misc_feat_roman, uniq_prince_ribbit1
D:8:      layout_rooms, gammafunk_temple_overflow_elements, serial_shops,
          nicolae_shop_peninsula, nzn_life_drinkers

Skill      XL: |  1  2  3  4  5  6  7  8 |
---------------+-------------------------+-----
Stealth        | 2 3 4 5 |  5.5
Dodging        | 2 3 4 5 |  5.0
Fighting       | 1 2 3 4 5 |  5.7
Spellcasting   | 3 4 5 |  5.2
Fire Magic     | 2 |  2.4
Ice Magic      | 3 6 |  6.4
Conjurations   | |  1.0

Action                     |  1- 3 |  4- 6 |  7- 9 || total
---------------------------+-------+-------+-------++-------
  Melee: Club              |     4 |       |       ||     4
         Tailslap          |     3 |     8 |    11 ||    22
         Whip              |     9 |    49 |     4 ||    62
         Hand axe          |       |       |    48 ||    48
         Punch             |       |       |     2 ||     2
   Cast: Foxfire           |    57 |   142 |   143 ||   342
         Frozen Ramparts   |       |       |    25 ||    25
         Summon Ice Beast  |       |       |     1 ||     1
    Use: Potion            |       |     1 |     1 ||     2
   Stab: Sleeping          |       |       |     1 ||     1
 Armour: Skin              |    10 |    31 |    42 ||    83
  Dodge: Dodged            |    21 |    75 |    76 ||   172

Table legend: (Time is in decaauts)
 A = Elapsed time spent in this place.
 B = Non-inter-level travel time spent in this place.
 C = Inter-level travel time spent in this place.
 D = Time resting spent in this place.
 E = Time spent auto-exploring this place.
 F = Levels seen in this place.
 G = Mean time per level.
                   A        B        C        D        E       F      G
               +--------+--------+--------+--------+--------+-----+--------+
         Total |   8503 |   8183 |    320 |      5 |   6998 |   8 | 1062.9 |
       Dungeon |   8503 |   8183 |    320 |      5 |   6998 |   8 | 1062.9 |
               +--------+--------+--------+--------+--------+-----+--------+

Top non-repeatable levels by time:
     D:4: 1562 daAuts
     D:3: 1559 daAuts
     D:1: 1497 daAuts
     D:7: 1161 daAuts
     D:5: 1099 daAuts
     D:6: 833 daAuts
     D:2: 763 daAuts
     D:8: 26 daAuts
